 Dungeon Crawl Stone Soup version 0.28.0-49-g6dfe1f597d (webtiles) character file.

Game seed: 8782414943653821356

1659 Exodus22XD the Cleaver (level 8, -1/70 HPs)
             Began as a Minotaur Fighter on May 14, 2022.
             Was an Initiate of Gozag.
             Slain by an orc warrior
             ... wielding a +0 morningstar
              (6 damage)
             ... on level 6 of the Dungeon.
             The game lasted 00:04:00 (5245 turns).

Exodus22XD the Cleaver (Minotaur Fighter)           Turns: 5245, Time: 00:04:01

Health: -1/70      AC:  9    Str: 23    XL:     8   Next: 68%
Magic:  7/7        EV:  9    Int:  5    God:    Gozag
Gold:   859        SH: 10    Dex: 10    Spells: 7/7 levels left

rFire   . . .      SeeInvis .   a - +0 war axe
rCold   + . .      Faith    .   c - +0 buckler
rNeg    . . .      Spirit   .   b - +0 scale mail
rPois   +          Reflect  +   (helmet restricted)
rElec   .          Harm     .   q - +0 cloak
rCorr   .          Rampage  .   (no gloves)
Will    .....                   (no boots)
Stlth   ..........              i - amulet of reflection
HPRegen 0.21/turn               s - ring of poison resistance
MPRegen 0.10/turn               v - ring of protection from cold

@: gold aura
A: horns 2, retaliatory headbutt
a: Renounce Religion, Potion Petition, Call Merchant, Bribe Branch


You were on level 6 of the Dungeon.
You worshipped Gozag.
Gozag was pleased with you.
You visited 1 branch of the dungeon, and saw 6 of its levels.

You collected 859 gold pieces.

Inventory:

Hand Weapons
 a - a +0 war axe (weapon)
 p - a +3 flail of holy wrath
Missiles
 t - 2 throwing nets (quivered)
Armour
 b - a +0 scale mail (worn)
 c - a +0 buckler (worn)
 q - a +0 cloak (worn)
Jewellery
 i - an amulet of reflection (around neck)
 s - a ring of poison resistance (left hand)
 v - a ring of protection from cold (right hand)
Wands
 m - a wand of paralysis (9)
Scrolls
 f - 5 scrolls of identify {unknown}
 j - a scroll of blinking {unknown}
 l - a scroll of magic mapping {unknown}
 n - a scroll of enchant weapon {unknown}
 o - 3 scrolls of teleportation {unknown}
 u - a scroll of noise {unknown}
Potions
 d - 2 potions of might
 e - a potion of heal wounds {unknown}
 g - 3 potions of curing {unknown}
 h - 2 potions of ambrosia {unknown}
 k - 3 potions of flight {unknown}
 r - 2 potions of mutation {unknown}
 w - 3 potions of haste {unknown}
 x - 2 potions of attraction {unknown}


   Skills:
 + Level 6.2 Fighting
 + Level 9.4 Axes
 * Level 1.7 Throwing
 + Level 7.0 Armour
 + Level 6.0 Shields


You had 7 spell levels left.
You didn't know any spells.
Your spell library contained the following spells:

 Spells                   Type           Power      Damage    Failure   Level
 Conjure Flame            Conj/Fire      0%         6-21      99%         3
 Ignite Poison            Fire/Tmut/Pois 0%         N/A       99%         3
 Sticky Flame             Conj/Fire      0%         2d3       100%        4


Dungeon Overview and Level Annotations

Branches:
Dungeon (6/15)
 Temple: D:4-7

Altars:
Gozag
Hepliaklqana
Kikubaaqudgha
Makhleb
Sif Muna
Zin

Shops:
D:1 [

Annotations:
D:3 3 runed translucent doors, Ablot's ghost, amateur GnCK


Innate Abilities, Weirdness & Mutations

You have a pair of horns on your head.
You reflexively headbutt those who attack you in melee.


Message History

You hit the orc warrior but do no damage.
The iguana hisses menacingly.
You block the iguana's attack.
The orc warrior hits you with a +0 morningstar!
Unknown command.
You are too injured to fight recklessly!
Unknown command.
You are too injured to fight recklessly!
You are too injured to fight recklessly!
Unknown command.
You barely miss the orc warrior.
You headbutt the orc warrior, but do no damage.
The orc warrior is heavily wounded.
You hit the iguana. You block the iguana's attack.
The orc warrior is distracted by your dazzling golden aura.
You completely miss the orc warrior.
The orc warrior is no longer distracted by gold.
The orc warrior is heavily wounded.
You barely miss the iguana.
The iguana bites you but does no damage.
You block the orc warrior's attack. The iguana barely misses you.
You furiously retaliate!
You headbutt the iguana!
You kill the iguana!
You hit the orc warrior but do no damage.
You headbutt the orc warrior!
The orc warrior is severely wounded.
The orc warrior hits you with a +0 morningstar!
* * * LOW HITPOINT WARNING * * *
You closely miss the orc warrior.
The orc warrior is severely wounded.
The orc warrior hits you with a +0 morningstar!
* * * LOW HITPOINT WARNING * * *
Okay, then.
Okay, then.
You closely miss the orc warrior.
You headbutt the orc warrior, but do no damage.
The orc warrior is severely wounded.
The orc warrior hits you with a +0 morningstar.
You die...
Your body crumbles into a pile of gold.

#....##..
#........
##......##
#.....###
##.....# $
##......#
#..?#####
###...#
#.$@$##
.?....$o$#
###......#
#......#
#......#
.......(#
###.?....#
#......#


You could see an orc warrior.

Vanquished Creatures
  Pikel (D:5)
  Grinder (D:6)
  A water moccasin (D:5)
  A black bear (D:6)
  An ogre (D:5)
  A lemure (D:5)
  A phantom (D:5)
  Blork the orc (D:5)
  A scorpion (D:5)
  2 orc priests
  A bullfrog skeleton (D:5)
  A jelly (D:5)
  A centaur skeleton (D:5)
  An iguana (D:6)
  An orc wizard (D:4)
  A killer bee zombie (D:6)
  A hound skeleton (D:4)
  11 gnolls
  5 adders
  A shadow imp (D:6)
  A white imp (D:6)
  An ufetubus (D:5)
  A worm (D:3)
  21 orcs
  2 bats (D:3)
  3 endoplasms
  4 giant cockroaches
  11 goblins
  6 hobgoblins
  7 jackals
  7 quokkas
  9 ball pythons
  3 frilled lizards
  8 kobolds
  9 rats
128 creatures vanquished.

Vanquished Creatures (others)
  3 fungi (D:1)
  4 plants (D:1)
7 creatures vanquished.

Grand Total: 135 creatures vanquished

Notes
Turn   | Place    | Note
-------+----------+-------------------------------------------
     0 | D:1      | Exodus22XD the Minotaur Fighter began the quest for the
                  | Orb.
     0 | D:1      | Reached XP level 1. HP: 19/19 MP: 0/0
   167 | D:1      | Found Febboxzoas's Armour Boutique.
   237 | D:1      | Reached XP level 2. HP: 11/27 MP: 1/1
   436 | D:1      | Reached skill level 3 in Axes
   465 | D:1      | Found a faded altar of an unknown god.
   475 | D:1      | Prayed at the altar of an unknown god.
   475 | D:1      | Became a worshipper of Gozag Ym Sagoz the Greedy
   813 | D:1      | Reached XP level 3. HP: 33/33 MP: 2/2
  1143 | D:2      | Found a glowing silver altar of Zin.
  1306 | D:2      | Reached skill level 4 in Axes
  1529 | D:3      | Reached XP level 4. HP: 40/40 MP: 3/3
  1704 | D:3      | Found a runed translucent gate.
  1704 | D:3      | Found a runed translucent gate.
  1707 | D:3      | Noticed Ablot's ghost (amateur GnCK)
  1708 | D:3      | Found a runed translucent gate.
  2428 | D:3      | Reached XP level 5. HP: 46/46 MP: 4/4
  3030 | D:4      | Reached skill level 5 in Axes
  3247 | D:4      | Found a shimmering blue altar of Sif Muna.
  3280 | D:4      | Reached skill level 5 in Armour
  3447 | D:4      | Reached XP level 6. HP: 51/53 MP: 5/5
  3567 | D:4      | Found a burning altar of Makhleb.
  3621 | D:5      | Entered Level 5 of the Dungeon
  3690 | D:5      | Reached skill level 6 in Axes
  3828 | D:5      | Found a hazy altar of Hepliaklqana.
  3926 | D:5      | Noticed Blork the orc
  3946 | D:5      | Killed Blork the orc
  4277 | D:5      | Noticed Pikel
  4293 | D:5      | Killed Pikel
  4294 | D:5      | Reached skill level 5 in Fighting
  4294 | D:5      | Reached skill level 7 in Axes
  4294 | D:5      | Reached skill level 5 in Shields
  4294 | D:5      | Reached XP level 7. HP: 26/61 MP: 6/6
  4406 | D:5      | Reached skill level 8 in Axes
  4508 | D:5      | Found an ancient bone altar of Kikubaaqudgha.
  4557 | D:5      | Reached XP level 8. HP: 69/69 MP: 7/7
  4895 | D:5      | Found an opulent altar of Gozag.
  5092 | D:6      | Noticed Grinder
  5092 | D:6      | Paralysed by Grinder for 5 turns
  5112 | D:6      | Paralysed by Grinder for 6 turns
  5125 | D:6      | Reached skill level 9 in Axes
  5128 | D:6      | Killed Grinder
  5129 | D:6      | Reached skill level 1 in Throwing
  5245 | D:6      | Slain by an orc warrior

Illustrated notes

Levels and vault maps discovered:
D:1:      dpeg_arrival_prison, layout_loops_ring,
          dreamdust_ecumenical_altar_grove, serial_shops, shop
D:2:      layout_rooms, basic_altar
D:3:      layout_loops_ring, ebering_ghost_rock_garden
D:4:      layout_basic, overflow_temple_1_default, kennysheep_mini
D:5:      layout_basic, nicolae_kikubaaqudgha_miasma_corner,
          nicolae_gozag_seed_capital, lemuel_coloured_pillars_altar,
          kennysheep_generic_room_14, uniq_pikel, uniq_blork_the_orc
D:6:      layout_rooms, minmay_temple_entry_butterflies,
          kennysheep_small_spiral, uniq_grinder

Skill      XL: |  1  2  3  4  5  6  7  8 |
---------------+-------------------------+-----
Armour         | 4 5 6 7 |  7.0
Axes           | 3 4 5 7 8 9 |  9.4
Fighting       | 4 5 6 |  6.2
Shields        | 4 5 6 |  6.0
Throwing       | 1 |  1.7

Action                   |  1- 3 |  4- 6 |  7- 9 || total
-------------------------+-------+-------+-------++-------
Melee: War axe           |    73 |   159 |    65 ||   297
       Headbutt          |    11 |    28 |    12 ||    51
 Stab: Distracted        |     1 |     2 |       ||     3
Armor: Scale mail        |    39 |    53 |    29 ||   121
Dodge: Dodged            |    36 |    56 |    29 ||   121
Block: Buckler           |    17 |    63 |    37 ||   117
